 Dungeon Crawl Stone Soup version 0.27-a0-1036-g8e1b44f6bd (webtiles) character file.

Game seed: 1440144372791766154

100 spiderkeys the Skirmisher (level 4, 0/67 HPs)
             Began as a Gnoll Abyssal Knight on Apr 18, 2021.
             Was a Believer of Lugonu.
             Slain by Sigmund
             ... wielding a +0 scythe
              (8 damage)
             ... on level 2 of the Dungeon.
             The game lasted 00:03:37 (3122 turns).

spiderkeys the Skirmisher (Gnoll Abyssal Knight)    Turns: 3122, Time: 00:03:38

Health: 0/67       AC: 22    Str: 13    XL:     4   Next: 74%
Magic:  7/7        EV:  2    Int: 11    God:    Lugonu [**....]
Gold:   78         SH:  0    Dex: 11    Spells: 5/5 levels left

rFire    . . .     SeeInvis .   i - +2 hand axe (elec)
rCold    . . .     Faith    .   (no shield)
rNeg     + + +     Spirit   .   (armour currently unavailable)
rPois    +         Reflect  .   (helmet currently unavailable)
rElec    .         Harm     .   (cloak currently unavailable)
rCorr    .         Rampage  .   (gloves currently unavailable)
Will     .....     Rnd*Rage +   (boots currently unavailable) Stlth ++........NoTele +
                                A - amulet of the acrobat
HPRegen  0.21/turn              (no ring)
MPRegen  0.10/turn              (no ring)

@: tree-form, attractive
A: stationary, stasis, torment immunity, boosted hp, (fangs 1), strong nose,
distributed training, (iridescent scales 1), berserk 1, robust 1
a: Renounce Religion, Depart the Abyss, Bend Space


You were on level 2 of the Dungeon.
You worshipped Lugonu.
Lugonu was pleased with you.
You were a tree.
You visited 1 branch of the dungeon, and saw 2 of its levels.
You visited the Abyss 1 time.

You collected 78 gold pieces.


Innate Abilities, Weirdness & Mutations

You are a tree.
Your roots penetrate the ground, keeping you stationary.
You cannot be teleported.
You are immune to unholy pain and torment.
Your maximum health is greatly increased.
Your equipment is partially melded.
((You have very sharp teeth.))
Your uncanny sense of smell can sniff out nearby items.
Your experience applies equally to all skills.
((You are partially covered in iridescent scales. (AC +2)))
You tend to lose your temper in combat.
You are robust. (+10% HP)


   Skills:
 + Level 6.6 Fighting
 + Level 1.2 Short Blades
 + Level 1.2 Long Blades
 + Level 1.2 Axes
 + Level 1.2 Maces & Flails
 + Level 4.7 Polearms
 + Level 1.2 Staves
 + Level 1.2 Slings
 + Level 1.2 Bows
 + Level 1.2 Crossbows
 + Level 1.2 Throwing
 + Level 4.7 Armour
 + Level 2.8 Dodging
 + Level 1.2 Stealth
 + Level 1.2 Shields
 + Level 1.2 Unarmed Combat
 + Level 1.2 Spellcasting
 + Level 1.0 Conjurations
 + Level 1.0 Hexes
 + Level 1.0 Summonings
 + Level 1.0 Necromancy
 + Level 1.0 Translocations
 + Level 1.0 Transmutations
 + Level 1.0 Fire Magic
 + Level 1.0 Ice Magic
 + Level 1.0 Air Magic
 + Level 1.0 Earth Magic
 + Level 1.0 Poison Magic
 + Level 4.7 Invocations
 + Level 1.2 Evocations


You had 5 spell levels left.
You didn't know any spells.
Your spell library was empty.

Inventory:

Hand Weapons
 a - a +1 spear
 i - a +2 hand axe of electrocution (weapon)
   (You found it on level 2 of the Dungeon)
Missiles
 h - 13 sling bullets
 j - 34 arrows
 l - 69 stones
 m - a throwing net {=f!f}
Armour
 b - a +0 leather armour (melded)
 n - a +0 cloak (melded)
   (You found it on level 1 of the Dungeon)
Jewellery
 A - an amulet of the acrobat (around neck)
   (You found it on level 1 of the Dungeon)
Wands
 g - a wand of digging (6)
   (You found it on level 2 of the Abyss)
Scrolls
 e - a scroll of fog
 o - a scroll of magic mapping {unknown}
 p - 2 scrolls of identify {@r1}
 r - a scroll of enchant armour {unknown}
Potions
 d - 3 potions of degeneration {!q}

Dungeon Overview and Level Annotations

Branches:
Dungeon (2/15)

Altars:

Annotations:
D:2 Sigmund

#.....# #.....#####
#################.........######
#.....................<.........
#.#########.#..........##.#####.
#.#########.#..........##.#####.
#.#.......#.........#####....##.
##.#.#####.#.....{.#.# ####.##.
.....# #.#####♣#.#.########.##.
.#.### #.......#.#..........#..
.#[##### #########.#..#########..
.#.....###.........#.............
..>.........@..............###.#.
###.....###.#.........####..##.#.
..#.....# #.#.######### ##.##.#.
..#.....# #...# #.##.#. ..##....#
##### ##.##...


There were no monsters in sight!


Message History

You feel sick.
You feel sick.
You are no longer poisoned.
You see here an adder corpse.
An adder comes into view. 😎 HP[+6]
Your hp is fully restored (41).
You see here a +0 mace.
The adder hisses angrily.
The adder completely misses you.
You slash the adder! The adder barely misses you.
You barely miss the adder. The adder barely misses you.
The adder bites you. 😕 HP[-3]
You take 3 damage, and now have 38/41 hp.
You hit the adder but do no damage. The adder bites you but does no damage.
The adder bites you. 😕 HP[-1]
You take 1 damage, and now have 37/41 hp.
You hit the adder but do no damage. The adder bites you. 😕 HP[-4]
You take 4 damage, and now have 33/41 hp.
You barely miss the adder. The adder barely misses you. The adder bites you.
You barely miss the adder. The adder bites you. 😕 HP[-1]
You take 1 damage, and now have 32/41 hp.
You slash the adder! Lightning courses through the adder!
You kill the adder!
Lugonu accepts your kill.
No target in view!
Key pressed, stopping explore.
You see here an adder corpse.
Found a stone staircase leading up.
You now have 78 gold pieces (gained 14). 😎 HP[+9]
Your hp is fully restored (41).
Done exploring.
Done exploring.
You see here an adder corpse.
You see here a +0 mace.
Sigmund shouts!
Sigmund is nearby!
You closely miss Sigmund.
Sigmund hits you with a +0 scythe! 😕 HP[-10]
You take 10 damage, and now have 31/41 hp.
MASSIVE DAMAGE!! (PAUSE)
You hit Sigmund. Lightning courses through Sigmund!
Sigmund points at himself and mumbles some strange words.
Sigmund flickers and vanishes!
Deactivating autopickup; reactivate with Ctrl-A.
Something hits you. 😮 HP[-3]
You take 3 damage, and now have 28/41 hp.
You miss something. You bite something. Something hits you!
* * * LOW HITPOINT WARNING * * *
😨 HP[-12]
You take 12 damage, and now have 16/41 hp.
MASSIVE DAMAGE!! (PAUSE)
You feel better. Something hits you!
* * * LOW HITPOINT WARNING * * *
😨 HP[+1]
You feel better. Something hits you. 😮 HP[+10]
You regained 10 hp, and now have 27/41 hp.
You barely miss something. Something hits you!
* * * LOW HITPOINT WARNING * * *
😨 HP[-12]
You take 12 damage, and now have 15/41 hp.
MASSIVE DAMAGE!! (PAUSE)
You feel better. Something barely misses you. 😮 HP[+8]
You regained 8 hp, and now have 23/41 hp.
You closely miss something. Something hits you.
* * * LOW HITPOINT WARNING * * *
😨 HP[-4]
You take 4 damage, and now have 19/41 hp.
You miss something. Something hits you!
* * * LOW HITPOINT WARNING * * *
Something hits you.
* * * LOW HITPOINT WARNING * * *
😱 HP[-14]
You take 14 damage, and now have 5/41 hp.
MASSIVE DAMAGE!! (PAUSE) It was a potion of mutation.
You feel extremely strange.
You feel a little pissed off.
You feel robust.
Iridescent scales grow over part of your body.
Something hits you but does no damage.
You now have 45 max hp (+4).
It was a potion of lignification.
You turn into a tree.
Your +0 cloak melds into your body.
Your +0 leather armour melds into your body.
Your roots penetrate the ground.
Something hits you but does no damage. 😱 HP[+2]
You now have 67 max hp (+22).
You regained 2 hp, and now have 7/67 hp.
It was a potion of attraction.
You feel attractive to monsters.
Something hits you but does no damage. 😱 HP[+1]
You hit something. Something hits you!
You die...

Skill      XL: |  1  2  3  4 |
---------------+-------------+-----
Short Blades   | 1 |  1.2
Long Blades    | 1 |  1.2
Axes           | 1 |  1.2
Maces & Flails | 1 |  1.2
Staves         | 1 |  1.2
Slings         | 1 |  1.2
Bows           | 1 |  1.2
Crossbows      | 1 |  1.2
Throwing       | 1 |  1.2
Stealth        | 1 |  1.2
Shields        | 1 |  1.2
Unarmed Combat | 1 |  1.2
Spellcasting   | 1 |  1.2
Evocations     | 1 |  1.2
Conjurations   | 1 |  1.0
Hexes          | 1 |  1.0
Summonings     | 1 |  1.0
Necromancy     | 1 |  1.0
Translocations | 1 |  1.0
Transmutations | 1 |  1.0
Fire Magic     | 1 |  1.0
Ice Magic      | 1 |  1.0
Air Magic      | 1 |  1.0
Earth Magic    | 1 |  1.0
Poison Magic   | 1 |  1.0
Fighting       | |  6.6
Polearms       | |  4.7
Armour         | |  4.7
Dodging        | |  2.8
Invocations    | |  4.7

Action                   |  1- 3 |  4- 6 || total
-------------------------+-------+-------++-------
Melee: Spear             |    93 |       ||    93
       Bite              |     7 |     1 ||     8
       Hand axe          |    10 |    42 ||    52
Invok: Depart the Abyss  |     1 |       ||     1
  Use: Scroll            |     4 |       ||     4
       Potion            |       |     6 ||     6
 Stab: Sleeping          |     2 |       ||     2
Armor: Leather armour    |    34 |     8 ||    42
       Skin              |       |     2 ||     2
Dodge: Dodged            |    64 |    34 ||    98

Levels and vault maps discovered:
D:1:      psy_arrival_whirlpool, layout_basic, ebering_ecumenical_altar_ruins
D:2:      layout_basic, uniq_terence, uniq_sigmund

Notes
Turn   | Place    | Note
-------+----------+-------------------------------------------
     0 | Abyss:1  | spiderkeys the Gnoll Abyssal Knight began the quest for the
                  | Orb.
     0 | Abyss:1  | Reached XP level 1. HP: 23/23 MP: 3/3
     0 | Abyss:1  | magus.rc [v1.9.10]
    39 | Abyss:1  | Found a corrupted altar of Lugonu.
   107 | Abyss:2  | Noticed a raiju
   107 | Abyss:2  | Noticed a thrashing horror
   107 | Abyss:2  | Noticed a flayed ghost
   110 | D:1      | You pass through the gate.
   110 | D:1      | Escaped the Abyss
   448 | D:1      | Reached * piety under Lugonu
   639 | D:1      | Reached XP level 2. HP: 29/29 MP: 5/5
   769 | D:1      | Found a faded altar of an unknown god.
  1004 | D:1      | Reached XP level 3. HP: 35/35 MP: 6/6
  1503 | D:1      | HP: 5/35 [spore (27)]
  2015 | D:2      | Noticed Sigmund
  2054 | D:2      | Reached ** piety under Lugonu
  2075 | D:2      | Noticed Terence
  2080 | D:2      | Killed Terence
  2081 | D:2      | Reached skill level 1 in Short Blades
  2081 | D:2      | Reached skill level 1 in Long Blades
  2081 | D:2      | Reached skill level 1 in Axes
  2081 | D:2      | Reached skill level 1 in Maces & Flails
  2081 | D:2      | Reached skill level 1 in Staves
  2081 | D:2      | Reached skill level 1 in Slings
  2081 | D:2      | Reached skill level 1 in Bows
  2081 | D:2      | Reached skill level 1 in Crossbows
  2081 | D:2      | Reached skill level 1 in Throwing
  2081 | D:2      | Reached skill level 1 in Stealth
  2081 | D:2      | Reached skill level 1 in Shields
  2081 | D:2      | Reached skill level 1 in Unarmed Combat
  2081 | D:2      | Reached skill level 1 in Spellcasting
  2081 | D:2      | Reached skill level 1 in Evocations
  2081 | D:2      | Reached XP level 4. HP: 37/41 MP: 7/7
  2789 | D:2      | Reached skill level 1 in Conjurations
  2789 | D:2      | Reached skill level 1 in Hexes
  2789 | D:2      | Reached skill level 1 in Summonings
  2789 | D:2      | Reached skill level 1 in Necromancy
  2789 | D:2      | Reached skill level 1 in Translocations
  2789 | D:2      | Reached skill level 1 in Transmutations
  2789 | D:2      | Reached skill level 1 in Fire Magic
  2789 | D:2      | Reached skill level 1 in Ice Magic
  2789 | D:2      | Reached skill level 1 in Air Magic
  2789 | D:2      | Reached skill level 1 in Earth Magic
  2789 | D:2      | Reached skill level 1 in Poison Magic
  3118 | D:2      | HP: 9/41 [something (11)]
  3119 | D:2      | Gained mutation: You tend to lose your temper in combat.
                  | [potion of mutation]
  3119 | D:2      | Gained mutation: You are robust. (+10% HP) [potion of
                  | mutation]
  3119 | D:2      | Gained mutation: You are partially covered in iridescent
                  | scales. (AC +2) [potion of mutation]
  3122 | D:2      | Slain by Sigmund

Vanquished Creatures
  Terence (D:2)
  2 adders (D:2)
  3 dart slugs (D:1)
  7 ball pythons
  6 endoplasms
  A giant cockroach (D:2)
  3 goblins (D:1)
  3 hobgoblins
  6 jackals
  2 kobolds (D:1)
  2 quokkas
  5 bats
  3 frilled lizards
  3 rats
47 creatures vanquished.

Table legend:
 A = Non-vault XP
 B = Vault XP
 C = Vault XP percentage of total XP
 D = Non-vault monster count
 E = Vault monster count
 F = Vault count percentage of total count
                 A         B        C        D         E       F
            +---------+---------+-------+---------+---------+-------
      Total |     108 |      36 |  25.0 |      46 |       1 |   2.1
            +---------+---------+-------+---------+---------+-------
        D:1 |      57 |       0 |   0.0 |      30 |       0 |   0.0
        D:2 |      51 |      36 |  41.4 |      16 |       1 |   5.9
            +---------+---------+-------+---------+---------+-------

Illustrated notes

Table legend:
 A = Kills in this place as a percentage of kills in entire the game.
 B = Kills by you in this place as a percentage of kills by you in the entire game.
 C = Kills by friends in this place as a percentage of kills by friends in the entire game.
 D = Other kills in this place as a percentage of other kills in the entire game.
 E = Experience gained in this place as a percentage of experience gained in the entire game.
 F = Experience gained in this place divided by the number of levels of this place that you have seen.
                   A       B       C       D       E      F
               +-------+-------+-------+-------+-------+----------------------
         Total | 100.0 | 100.0 |   N/A |   N/A | 100.0 |  36.0
       Dungeon | 100.0 | 100.0 |   N/A |   N/A | 100.0 |  72.0
               +-------+-------+-------+-------+-------+----------------------

Table legend: (Time is in decaauts)
 A = Elapsed time spent in this place.
 B = Non-inter-level travel time spent in this place.
 C = Inter-level travel time spent in this place.
 D = Time resting spent in this place.
 E = Time spent auto-exploring this place.
 F = Levels seen in this place.
 G = Mean time per level.
                   A        B        C        D        E       F      G
               +--------+--------+--------+--------+--------+-----+--------+
         Total |   3122 |   2950 |    172 |    254 |   2269 |   4 |  780.5 |
       Dungeon |   3012 |   2840 |    172 |    254 |   2245 |   2 | 1506.0 |
         Abyss |    109 |    109 |      0 |      0 |     24 |   2 |   54.5 |
               +--------+--------+--------+--------+--------+-----+--------+

Top non-repeatable levels by time:
     D:1: 1868 daAuts
     D:2: 1143 daAuts
 Abyss:1: 55 daAuts
 Abyss:2: 54 daAuts
